AoeStats
← zygarde02.02.2000

Arena

504409547Analyzed
3v3 RM · 27d ago on Sep 5, 2026· 54m 17s· 6 players
Game mode
Random Map
Map size
Normal (6 player)
Population
200
Speed
Normal
Resources
Standard
Victory
Conquest
Starting age
Dark Age
Ending age
Imperial Age
RankedLock teamsTeams togetherTeam positionsShared explorationLock speedFull tech treeHidden civsTurbo modeCheats
Victory
Defeat
🇮🇳 Persians · India
1015
+12
🇮🇳 Romans · India
985
+13
🇮🇳 Khmer · India
751
+65
🇵🇪 Koreans · Peru
946
-17
🇵🇪 Lithuanians · Peru
912
-16
🇵🇪 Vikings · Peru
898
-15
arpeetmakasare123
4:34 Loom
11:07 Feudal Age
12:28 Double-Bit Axe
15:58 Castle Age
14:10 Horse Collar
15:02 Loom
16:29 Man-at-Arms
17:10 Squires
18:32 Scale Mail Armor
27:54 Town Watch
29:42 Fletching
30:07 Long Swordsman
31:28 Heavy Plow
31:44 Bow Saw
33:43 Wheelbarrow
32:51 Pikeman
34:13 Gold Mining
34:17 Stone Mining
36:41 Chain Mail Armor
36:37 Forging
39:56 Imperial Age
38:08 Hand Cart
39:47 Ballistas
41:12 Conscription
41:41 Iron Casting
41:43 Crop Rotation
41:20 Legionary
43:57 Halberdier
45:26 Capped Ram
47:46 Comitatenses
50:30 Siege Ram
zygarde02.02.2000
11:27 Feudal Age
9:45 Loom
12:47 Horse Collar
13:18 Double-Bit Axe
17:48 Castle Age
18:06 Wheelbarrow
21:45 Heavy Plow
24:31 Bow Saw
27:29 Pikeman
28:15 Husbandry
28:52 Forging
29:01 Bloodlines
29:57 Coinage
29:32 Herbal Medicine
29:31 Fletching
30:09 Ballistics
33:28 Iron Casting
32:59 Scale Barding Armor
32:55 Murder Holes
32:53 Arson
34:37 Hand Cart
36:50 Chain Barding Armor
36:26 Bodkin Arrow
35:56 Light Cavalry
39:21 Imperial Age
40:41 Elite Battle Elephant
43:11 Blast Furnace
43:32 Chemistry
43:28 Double Crossbow
43:50 Conscription
44:36 Heavy Scorpion
44:37 Capped Ram
50:11 Siege Ram
52:41 Siege Engineers
53:09 Banking
52:11 Hussar
Funesh
11:52 Feudal Age
13:15 Loom
16:00 Castle Age
15:04 Double-Bit Axe
15:01 Horse Collar
20:38 Bow Saw
20:31 Heavy Plow
26:35 Husbandry
26:46 Bloodlines
29:03 Elite Skirmisher
33:35 Kamandaran
33:11 Crossbowman
41:07 Padded Archer Armor
40:58 Fletching
41:31 Ballistics
43:04 Thumb Ring
44:28 Thumb Ring
51:32 Bodkin Arrow
53:44 Wheelbarrow
53:51 Leather Archer Armor
Henzo
12:09 Feudal Age
21:13 Castle Age
22:28 Man-at-Arms
23:16 Long Swordsman
24:07 Squires
25:28 Gambesons
28:10 Forging
30:17 Scale Mail Armor
34:28 Iron Casting
33:43 Horse Collar
33:50 Double-Bit Axe
33:58 Gold Mining
36:27 Scale Barding Armor
37:02 Pikeman
41:38 Chain Barding Armor
41:31 Heavy Plow
45:17 Chain Mail Armor
50:27 Imperial Age
48:07 Fletching
48:19 Padded Archer Armor
48:46 Ballistics
48:07 Treadmill Crane
49:02 Elite Skirmisher
49:09 Crossbowman
50:42 Elite Berserk
50:47 Two-Handed Swordsman
52:02 Heavy Scorpion
54:09 Conscription
Fer1024
11:03 Feudal Age
12:18 Horse Collar
13:44 Bloodlines
21:04 Castle Age
20:39 Man-at-Arms
21:44 Stone Mining
22:40 Long Swordsman
29:03 Double-Bit Axe
34:28 Bow Saw
44:09 Wheelbarrow
44:40 Husbandry
47:22 Hand Cart
47:50 Fervor
48:30 Heavy Plow
48:24 Gold Mining
49:11 Stone Shaft Mining
53:51 Imperial Age
Juan el bAUTISTA
9:27 Loom
11:13 Feudal Age
17:38 Castle Age
15:49 Double-Bit Axe
23:18 Forging
23:09 Scale Mail Armor
23:01 Fletching
23:07 Pikeman
27:03 Gold Mining
32:58 Horse Collar
33:30 Bow Saw
33:28 Stone Mining
34:08 Eupseong
35:22 Crossbowman
39:40 Wheelbarrow
39:20 Bodkin Arrow
42:59 Imperial Age
41:10 Ballistics
41:38 Elite Skirmisher
44:49 Chemistry
44:02 Careening
43:50 Murder Holes
44:58 Two-Man Saw
46:44 Chain Mail Armor
46:29 Bracer
47:38 Arbalester
53:18 Hand Cart
Connection lost

Rejoining the realm…

Still unreachable

The connection could not be restored.

Session expired

The server has moved on; the page needs a fresh start.